3AA
PROVIDENCE PILGRIMS @ RICHLAND RAILS
05/08/2041
 
TOP OF THE 1ST
Providence Pilgrims batting - Pitching for Richland Rails : RHP Todd Hanley
Pitching: RHP Todd Hanley
Batting: RHB Keith Lynn 0-0: Ball
1-0: Swinging Strike
1-1: Swinging Strike
1-2: Strikes out looking
Batting: RHB Carlos González 0-0: Called Strike
0-1: Foul Ball, location: 2F
0-2: Foul Ball, location: 2F
0-2: Strikes out swinging
Batting: RHB Chris Hall 0-0: Called Strike
0-1: Ball
1-1: Ball
2-1: Called Strike
2-2: Foul Ball, location: 2F
2-2: Fly out, F8 (Flyball, 89D, EV 78.1 MPH)
Top of the 1st over - 0 runs, 0 hits, 0 errors, 0 left on base; Providence 0 - Richland 0
BOTTOM OF THE 1ST
Richland Rails batting - Pitching for Providence Pilgrims : RHP Rick Hubbard
Pitching: RHP Rick Hubbard
Batting: RHB Kazuki Takahashi 0-0: Ball
1-0: Foul Ball, location: 2F
1-1: SINGLE (Flyball, 9LS, EV 86.2 MPH)
Batting: LHB Doyle Berkey 0-0: Ball
1-0: Ball
2-0: Fly out, F9 (Line Drive, 9, EV 96.9 MPH)
Batting: RHB Vinnie Nuyten 0-0: Fly out, F3 (Popup, 23F, EV 84.4 MPH)
Batting: LHB Josh Wiggins 0-0: Called Strike
Kazuki Takahashi steals 2nd base
0-1: Swinging Strike
0-2: Ball
1-2: Ball
2-2: Ball
3-2: Strikes out swinging
Bottom of the 1st over - 0 runs, 1 hit, 0 errors, 1 left on base; Providence 0 - Richland 0
TOP OF THE 2ND
Providence Pilgrims batting - Pitching for Richland Rails : RHP Todd Hanley
Batting: RHB Gabriel Méndez 0-0: Called Strike
0-1: Ball
1-1: Called Strike
1-2: Strikes out swinging
Batting: RHB Frank Ray 0-0: Ball
1-0: Foul Ball, location: 2F
1-1: Foul Ball, location: 2F
1-2: Ball
2-2: Foul Ball, location: 2F
2-2: Foul Ball, location: 2F
2-2: Strikes out swinging
Batting: RHB Allen Kelley 0-0: Called Strike
0-1: Swinging Strike
0-2: Strikes out swinging
Top of the 2nd over - 0 runs, 0 hits, 0 errors, 0 left on base; Providence 0 - Richland 0
BOTTOM OF THE 2ND
Richland Rails batting - Pitching for Providence Pilgrims : RHP Rick Hubbard
Batting: RHB Jon Walker 0-0: Ball
1-0: Ball
2-0: Ball
3-0: Called Strike
3-1: Base on Balls
Batting: LHB Emosi Whiu 0-0: Swinging Strike
0-1: Swinging Strike
0-2: Foul Ball, location: 2F
0-2: Ball
1-2: SINGLE (Groundball, 6MD, EV 96.9 MPH)
Jon Walker to second
Batting: RHB Gene Payne 0-0: Ball
1-0: Called Strike
1-1: Ball
2-1: Ball
3-1: Fly out, F8 (Line Drive, 8LD, EV 96.2 MPH)
Batting: RHB Javier Botín 0-0: Ball
1-0: Called Strike
1-1: Ball
2-1: Foul Ball, location: 2F
2-2: Ball
3-2: Fielders Choice at 2nd, 6-4 (Groundball, 6, EV 80.6 MPH)
Jon Walker to third
Batting: RHB Ted Murphy 0-0: Ball
1-0: Foul Ball, location: 2F
1-1: Swinging Strike
1-2: Ground out 5-3 (Groundball, 56S, EV 71.2 MPH)
Bottom of the 2nd over - 0 runs, 1 hit, 0 errors, 2 left on base; Providence 0 - Richland 0
TOP OF THE 3RD
Providence Pilgrims batting - Pitching for Richland Rails : RHP Todd Hanley
Batting: RHB Ronnie Wise 0-0: Called Strike
0-1: Foul Ball, location: 2F
0-2: Ball
1-2: Foul Ball, location: 2F
1-2: Strikes out swinging
Batting: RHB Jesse McCoy 0-0: Foul Ball, location: 2F
0-1: Foul Ball, location: 2F
0-2: Ball
1-2: Ball
2-2: Strikes out swinging
Batting: RHB Miguel Villarreal 0-0: Swinging Strike
0-1: Swinging Strike
0-2: Strikes out looking
Top of the 3rd over - 0 runs, 0 hits, 0 errors, 0 left on base; Providence 0 - Richland 0
BOTTOM OF THE 3RD
Richland Rails batting - Pitching for Providence Pilgrims : RHP Rick Hubbard
Batting: RHB Kazuki Takahashi 0-0: Ball
1-0: SINGLE (Line Drive, 9S, EV 90.6 MPH)
Batting: LHB Doyle Berkey 0-0: Ball
1-0: Fly out, F6 (Line Drive, 6, EV 63.1 MPH)
Batting: RHB Vinnie Nuyten 0-0: Ball
1-0: Swinging Strike
1-1: Ball
2-1: Ball
Kazuki Takahashi steals 2nd base (no throw)
3-1: Foul Ball, location: 2F
3-2: Foul Ball, location: 2F
3-2: Foul Ball, location: 2F
3-2: Base on Balls
Batting: LHB Josh Wiggins 0-0: Ball
1-0: Fielders Choice at 2nd, 3-6 (Groundball, 34, EV 93.1 MPH)
Kazuki Takahashi to third
Batting: RHB Jon Walker 0-0: Swinging Strike
0-1: Foul Ball, location: 2F
0-2: Ball
1-2: Ball
2-2: Ball
3-2: Base on Balls
Josh Wiggins to second
Batting: LHB Emosi Whiu 0-0: Ball
1-0: Called Strike
1-1: Fielders Choice at 2nd, U4 (Groundball, 4M, EV 87.5 MPH)
Bottom of the 3rd over - 0 runs, 1 hit, 0 errors, 3 left on base; Providence 0 - Richland 0
TOP OF THE 4TH
Providence Pilgrims batting - Pitching for Richland Rails : RHP Todd Hanley
Batting: RHB Keith Lynn 0-0: Ground out 5-3 (Groundball, 56S, EV 64.4 MPH)
Batting: RHB Carlos González 0-0: Foul Ball, location: 2F
0-1: Ball
1-1: Ball
2-1: Swinging Strike
2-2: Foul Ball, location: 2F
2-2: Ground out 5-3 (Groundball, 5S, EV 72.5 MPH)
Batting: RHB Chris Hall 0-0: Fly out, F9 (Flyball, 9LMF, EV 99.4 MPH)
Top of the 4th over - 0 runs, 0 hits, 0 errors, 0 left on base; Providence 0 - Richland 0
BOTTOM OF THE 4TH
Richland Rails batting - Pitching for Providence Pilgrims : RHP Rick Hubbard
Batting: RHB Gene Payne 0-0: Called Strike
0-1: Foul Ball, location: 2F
0-2: Ball
1-2: Foul Ball, location: 2F
1-2: Ground out 6-3 (Groundball, 6, EV 80.0 MPH)
Now at SS: Hal Larson
Batting: RHB Javier Botín 0-0: Called Strike
0-1: Ball
1-1: Ball
2-1: Foul Ball, location: 2F
2-2: Ball
3-2: Fly out, F6 (Line Drive, 6, EV 68.8 MPH)
Batting: RHB Ted Murphy 0-0: Swinging Strike
0-1: Foul Ball, location: 2F
0-2: Ball
1-2: Ball
2-2: Strikes out looking
Bottom of the 4th over - 0 runs, 0 hits, 0 errors, 0 left on base; Providence 0 - Richland 0
TOP OF THE 5TH
Providence Pilgrims batting - Pitching for Richland Rails : RHP Todd Hanley
Batting: RHB Gabriel Méndez 0-0: Ball
1-0: Foul Ball, location: 2F
1-1: Ball
2-1: Ball
3-1: Base on Balls
Batting: RHB Frank Ray 0-0: Ball
1-0: Foul Ball, location: 2F
1-1: Called Strike
1-2: Foul Ball, location: 2F
1-2: Ball
2-2: Grounds into double play, 5-4-3 (Groundball, 5S, EV 79.4 MPH)
Batting: RHB Allen Kelley 0-0: Called Strike
0-1: Foul Ball, location: 2F
0-2: Foul Ball, location: 2F
0-2: Foul Ball, location: 2F
0-2: Ball
1-2: Ball
2-2: Foul Ball, location: 2F
2-2: Foul Ball, location: 2F
2-2: Ground out 5-3 (Groundball, 56S, EV 90.0 MPH)
Top of the 5th over - 0 runs, 0 hits, 0 errors, 0 left on base; Providence 0 - Richland 0
BOTTOM OF THE 5TH
Richland Rails batting - Pitching for Providence Pilgrims : RHP Rick Hubbard
Batting: RHB Kazuki Takahashi 0-0: Ground out 1-3 (Groundball, 15S, EV 64.4 MPH)
Batting: LHB Doyle Berkey 0-0: Ball
1-0: Ball
2-0: Called Strike
2-1: Ground out 4-3 (Groundball, 4S, EV 80.0 MPH)
Batting: RHB Vinnie Nuyten 0-0: Ball
1-0: Fly out, F8 (Line Drive, 8RD, EV 88.1 MPH)
Bottom of the 5th over - 0 runs, 0 hits, 0 errors, 0 left on base; Providence 0 - Richland 0
TOP OF THE 6TH
Providence Pilgrims batting - Pitching for Richland Rails : RHP Todd Hanley
Batting: RHB Ronnie Wise 0-0: Swinging Strike
0-1: Swinging Strike
0-2: Ball
1-2: Strikes out looking
Batting: RHB Hal Larson 0-0: Ball
1-0: Called Strike
1-1: Fly out, F7 (Flyball, 78M, EV 88.1 MPH)
Batting: RHB Miguel Villarreal 0-0: Swinging Strike
0-1: Swinging Strike
0-2: Foul Ball, location: 2F
0-2: Ball
1-2: Foul Ball, location: 2F
1-2: Ball
2-2: Ball
3-2: Foul Ball, location: 2F
3-2: Foul Ball, location: 2F
3-2: Strikes out looking
Top of the 6th over - 0 runs, 0 hits, 0 errors, 0 left on base; Providence 0 - Richland 0
BOTTOM OF THE 6TH
Richland Rails batting - Pitching for Providence Pilgrims : RHP Rick Hubbard
Batting: LHB Josh Wiggins 0-0: Ball
1-0: Foul Ball, location: 2F
1-1: Foul Ball, location: 2F
1-2: Strikes out swinging
Batting: RHB Jon Walker 0-0: Ball
1-0: Foul Ball, location: 2F
1-1: Foul Ball, location: 2F
1-2: Ball
2-2: Strikes out swinging
Batting: LHB Emosi Whiu 0-0: Called Strike
0-1: Fly out, F6 (Flyball, 6D, EV 81.9 MPH)
Bottom of the 6th over - 0 runs, 0 hits, 0 errors, 0 left on base; Providence 0 - Richland 0
TOP OF THE 7TH
Providence Pilgrims batting - Pitching for Richland Rails : RHP Todd Hanley
Batting: RHB Keith Lynn 0-0: Called Strike
0-1: Ground out 5-3 (Groundball, 56S, EV 90.6 MPH)
Batting: RHB Carlos González 0-0: Foul Ball, location: 2F
0-1: Ball
1-1: SINGLE (Line Drive, 34D, EV 99.4 MPH)
Batting: RHB Chris Hall 0-0: Grounds into double play, 1-6-3 (Groundball, 13S, EV 62.5 MPH)
Top of the 7th over - 0 runs, 1 hit, 0 errors, 0 left on base; Providence 0 - Richland 0
BOTTOM OF THE 7TH
Richland Rails batting - Pitching for Providence Pilgrims : RHP Rick Hubbard
Batting: RHB Gene Payne 0-0: Ball
1-0: Foul Ball, location: 2F
1-1: Called Strike
1-2: Strikes out looking
Batting: RHB Javier Botín 0-0: Swinging Strike
0-1: Called Strike
0-2: Ball
1-2: Ball
2-2: Foul Ball, location: 2F
2-2: Ball
3-2: Base on Balls
Batting: RHB Ted Murphy 0-0: Called Strike
Javier Botín steals 2nd base
0-1: Ball
1-1: Called Strike
1-2: Ball
Wild Pitch!
Javier Botín to third
2-2: Foul Ball, location: 2F
2-2: Ball
3-2: SINGLE (Line Drive, 7S, EV 94.4 MPH)
Javier Botín scores
Pitching: RHP Sean Neely
Batting: RHB Kazuki Takahashi 0-0: Called Strike
0-1: Ball
1-1: Foul Ball, location: 2F
1-2: Ball
2-2: DOUBLE (Line Drive, 78D, EV 110.6 MPH)
Ted Murphy to third
Runner from 3rd tries for Home, SAFE, no throw by LF
Batting: LHB Doyle Berkey 0-0: SINGLE (Groundball, 5D, EV 106.2 MPH)
Kazuki Takahashi to third
Runner from 3rd tries for Home, SAFE, no throw by LF
Batting: RHB Vinnie Nuyten 0-0: Ball
1-0: Ball
2-0: Called Strike
2-1: Ground out 3-1 (Groundball, 3L, EV 90.0 MPH)
Doyle Berkey to second
Batting: LHB Josh Wiggins 0-0: Called Strike
0-1: Swinging Strike
0-2: Ball
1-2: Strikes out swinging
Bottom of the 7th over - 3 runs, 3 hits, 0 errors, 1 left on base; Providence 0 - Richland 3
TOP OF THE 8TH
Providence Pilgrims batting - Pitching for Richland Rails : RHP Todd Hanley
Batting: RHB Gabriel Méndez 0-0: Ball
1-0: Called Strike
1-1: Ball
2-1: Foul Ball, location: 2F
2-2: Strikes out swinging
Batting: RHB Frank Ray 0-0: Ball
1-0: Fly out, F6 (Flyball, 4MD, EV 84.4 MPH)
Batting: RHB Allen Kelley 0-0: Foul Ball, location: 2F
0-1: Ball
1-1: Foul Ball, location: 2F
1-2: Strikes out swinging
Top of the 8th over - 0 runs, 0 hits, 0 errors, 0 left on base; Providence 0 - Richland 3
BOTTOM OF THE 8TH
Richland Rails batting - Pitching for Providence Pilgrims : RHP Sean Neely
Batting: RHB Jon Walker 0-0: Ball
1-0: Ball
2-0: Ball
3-0: Base on Balls
Batting: LHB Emosi Whiu 0-0: Sac Bunt to 15S - play at first, batter OUT! 1-3
Jon Walker to second
Batting: RHB Gene Payne 0-0: Ball
1-0: Called Strike
1-1: Ball
2-1: Ground out 5-3 (Groundball, 56S, EV 87.5 MPH)
Batting: RHB Javier Botín 0-0: Ball
1-0: Ground out 1-3 (Groundball, 34S, EV 80.6 MPH)
Bottom of the 8th over - 0 runs, 0 hits, 0 errors, 1 left on base; Providence 0 - Richland 3
TOP OF THE 9TH
Providence Pilgrims batting - Pitching for Richland Rails : RHP Todd Hanley
Pitching: LHP Artie Bates
Batting: RHB Ronnie Wise 0-0: Called Strike
0-1: Foul Ball, location: 2F
0-2: Fly out, F7 (Flyball, 7LSF, EV 88.8 MPH)
Batting: RHB Hal Larson 0-0: Called Strike
0-1: Foul Ball, location: 2F
0-2: Ground out 5-3 (Groundball, 56, EV 87.5 MPH)
Batting: RHB Miguel Villarreal 0-0: Ball
1-0: Ball
2-0: Foul Ball, location: 2F
2-1: Reached on error, E6 (Groundball, 6S, EV 65.6 MPH)
Batting: RHB Keith Lynn 0-0: Called Strike
0-1: Ball
1-1: Foul Ball, location: 2F
1-2: Foul Ball, location: 2F
1-2: SINGLE (Line Drive, 4MD, EV 97.5 MPH)
Miguel Villarreal to second
Batting: RHB Carlos González 0-0: Ball
1-0: Foul Ball, location: 2F
1-1: Ball
2-1: Fly out, F7 (Flyball, 78M, EV 85.6 MPH)
Top of the 9th over - 0 runs, 1 hit, 1 error, 2 left on base; Providence 0 - Richland 3
Tuesday, January 5th, 2021 - OOTP Baseball 20.8 Build 74